 Dungeon Crawl Stone Soup version 0.27-a0-1358-ga0a28fc8c3 (webtiles) character file.

Game seed: 786426166182403835

107 Gargoyl the Skirmisher (level 4, -3/41 HPs)
             Began as a Gnoll Abyssal Knight on June 28, 2021.
             Was a Follower of Lugonu.
             Slain by Crazy Yiuf (6 damage)
             ... on level 2 of the Dungeon.
             The game lasted 00:01:45 (1944 turns).

Gargoyl the Skirmisher (Gnoll Abyssal Knight)       Turns: 1944, Time: 00:01:46

Health: -3/41      AC: 12    Str: 12    XL:     4   Next: 85%
Magic:  7/7        EV:  9    Int: 12    God:    Lugonu [*.....]
Gold:   71         SH:  7    Dex: 11    Spells: 5/5 levels left

rFire    . . .     SeeInvis .   a - +1 hand axe
rCold    . . .     Faith    .   j - +0 kite shield
rNeg     . . .     Spirit   .   b - +0 leather armour
rPois    .         Reflect  .   (no helmet)
rElec    .         Harm     .   c - +0 cloak
rCorr    .         Rampage  .   (no gloves)
Will     .....                  (no boots)
Stlth    +.........             (no amulet)
HPRegen  0.13/turn              d - +4 ring of protection
MPRegen  0.10/turn              h - +4 ring of protection

@: lethally poisoned (-3 -> -12)
A: fangs 1, strong nose, distributed training
a: Renounce Religion, Depart the Abyss


You were on level 2 of the Dungeon.
You worshipped Lugonu.
Lugonu was aware of your devotion.
You visited 1 branch of the dungeon, and saw 2 of its levels.
You visited the Abyss 1 time.

You collected 71 gold pieces.

Inventory:

Hand Weapons
 a - a +1 hand axe (weapon)
Missiles
 f - 15 poisoned darts (quivered)
Armour
 b - a +0 leather armour (worn)
 c - a +0 cloak (worn)
 j - a +0 kite shield (worn)
Jewellery
 d - a +4 ring of protection (left hand)
 h - a +4 ring of protection (right hand)
 k - a ring of protection from cold
Wands
 g - a wand of iceblast (12)
Scrolls
 i - a scroll of magic mapping {unknown}
Potions
 e - a potion of curing
 l - a potion of heal wounds {unknown}
 m - a potion of brilliance {unknown}


   Skills:
 + Level 6.6 Fighting
 + Level 1.2 Short Blades
 + Level 1.2 Long Blades
 + Level 4.7 Axes
 + Level 1.2 Maces & Flails
 + Level 1.2 Polearms
 + Level 1.2 Staves
 + Level 1.2 Slings
 + Level 1.2 Bows
 + Level 1.2 Crossbows
 + Level 1.2 Throwing
 + Level 4.7 Armour
 + Level 2.8 Dodging
 + Level 1.2 Stealth
 + Level 1.2 Shields
 + Level 1.2 Unarmed Combat
 + Level 1.2 Spellcasting
 + Level 1.0 Conjurations
 + Level 1.0 Hexes
 + Level 1.0 Summonings
 + Level 1.0 Necromancy
 + Level 1.0 Translocations
 + Level 1.0 Transmutations
 + Level 1.0 Fire Magic
 + Level 1.0 Ice Magic
 + Level 1.0 Air Magic
 + Level 1.0 Earth Magic
 + Level 1.0 Poison Magic
 + Level 4.7 Invocations
 + Level 1.2 Evocations


You had 5 spell levels left.
You didn't know any spells.
Your spell library contained the following spells:

 Spells                   Type           Power      Damage    Failure   Level
 Beastly Appendage        Tmut           6%         N/A       82%         1
 Wereblood                Tmut           3%         N/A       91%         2
 Spider Form              Tmut/Pois      1%         N/A       99%         3
 Ice Form                 Ice/Tmut       3%         N/A       100%        4


Dungeon Overview and Level Annotations

Branches:
Dungeon (2/15)

Altars:

Annotations:
D:2 Crazy Yiuf


Innate Abilities, Weirdness & Mutations

You have very sharp teeth.
Your uncanny sense of smell can sniff out nearby items.
Your experience applies equally to all skills.


Message History

Unknown command.
Unknown command.
m - a sapphire potion
Found a mace.
Found a runed translucent door.
Crazy Yiuf shouts!
As you open the door, it creaks loudly!
You hit Crazy Yiuf.
Crazy Yiuf is lightly wounded.
Crazy Yiuf closely misses you.
You hit Crazy Yiuf. You bite Crazy Yiuf, but do no damage.
Crazy Yiuf is lightly wounded.
Crazy Yiuf says, "Fluff sanguine tired!"
Crazy Yiuf barely misses you.
Crazy Yiuf whimpers, "Sif Muna!
Mountain wrapper Xom."
Crazy Yiuf barely misses you.
You hit Crazy Yiuf.
Crazy Yiuf is moderately wounded.
Crazy Yiuf hits you with a +3 quarterstaff of chaos.
Crazy Yiuf burns you.
You hit Crazy Yiuf. Your bite misses Crazy Yiuf.
Crazy Yiuf is moderately wounded.
Crazy Yiuf hits you with a +3 quarterstaff of chaos.
You resist with some effort.
You hit Crazy Yiuf.
Crazy Yiuf is heavily wounded.
Crazy Yiuf hits you with a +3 quarterstaff of chaos!
You are poisoned.
Crazy Yiuf hits you with a +3 quarterstaff of chaos.
You hit Crazy Yiuf.
Crazy Yiuf is severely wounded.
You feel very sick. Crazy Yiuf hits you but does no damage.
You are electrocuted!
* * * LOW HITPOINT WARNING * * *
You hit Crazy Yiuf but do no damage.
Crazy Yiuf is severely wounded.
* * * LOW HITPOINT WARNING * * *
You feel very sick. Crazy Yiuf hits you but does no damage.
Crazy Yiuf hits you with a +3 quarterstaff of chaos.
You die...

#####.########.#
#..#[# #### #.##
#....# ##.#.# #
#..# #.#### #.#.#
# ##.# ### #.#.#
# #.# #...# ##
#.# ##..# #.
#.###♣♣ ### #..#
#. #.....♣♣
♣♣#..)# #.># #^
#......♣♣♣♣@g...#
#### #.
##......♣..♣#...#
#. ##....♣.♣♣♣
### #. ###♣♣♣♣♣
#. #. #. ##


You could see Crazy Yiuf.

Vanquished Creatures
  Natasha (twice) (D:2)
  2 adders (D:2)
  A worm (D:2)
  A dart slug (D:2)
  3 ball pythons
  8 endoplasms
  A giant cockroach (D:1)
  2 goblins (D:1)
  2 hobgoblins
  2 jackals (D:2)
  3 bats
  2 frilled lizards (D:1)
  3 kobolds (D:2)
  A rat (D:1)
33 creatures vanquished.

Notes
Turn   | Place    | Note
-------+----------+-------------------------------------------
     0 | Abyss:1  | Gargoyl the Gnoll Abyssal Knight began the quest for the
                  | Orb.
     0 | Abyss:1  | Reached XP level 1. HP: 23/23 MP: 3/3
    45 | Abyss:1  | Noticed an ancient zyme
    45 | Abyss:1  | Noticed a worldbinder
    48 | Abyss:1  | Noticed a wind drake
    52 | Abyss:1  | Noticed a merfolk siren
    54 | Abyss:1  | Noticed a great orb of eyes
    60 | D:1      | Escaped the Abyss
   419 | D:1      | Reached XP level 2. HP: 27/29 MP: 5/5
   670 | D:1      | Reached * piety under Lugonu
   927 | D:2      | Found a faded altar of an unknown god.
   930 | D:2      | Noticed Natasha
   943 | D:2      | Killed Natasha
   944 | D:2      | Reached XP level 3. HP: 29/35 MP: 6/6
  1105 | D:2      | Reached skill level 1 in Short Blades
  1105 | D:2      | Reached skill level 1 in Long Blades
  1105 | D:2      | Reached skill level 1 in Maces & Flails
  1105 | D:2      | Reached skill level 1 in Polearms
  1105 | D:2      | Reached skill level 1 in Staves
  1105 | D:2      | Reached skill level 1 in Slings
  1105 | D:2      | Reached skill level 1 in Bows
  1105 | D:2      | Reached skill level 1 in Crossbows
  1105 | D:2      | Reached skill level 1 in Throwing
  1105 | D:2      | Reached skill level 1 in Stealth
  1105 | D:2      | Reached skill level 1 in Shields
  1105 | D:2      | Reached skill level 1 in Unarmed Combat
  1105 | D:2      | Reached skill level 1 in Spellcasting
  1105 | D:2      | Reached skill level 1 in Evocations
  1153 | D:2      | Reached XP level 4. HP: 38/41 MP: 7/7
  1612 | D:2      | Noticed Natasha
  1622 | D:2      | Killed Natasha
  1623 | D:2      | Reached skill level 1 in Conjurations
  1623 | D:2      | Reached skill level 1 in Hexes
  1623 | D:2      | Reached skill level 1 in Summonings
  1623 | D:2      | Reached skill level 1 in Necromancy
  1623 | D:2      | Reached skill level 1 in Translocations
  1623 | D:2      | Reached skill level 1 in Transmutations
  1623 | D:2      | Reached skill level 1 in Fire Magic
  1623 | D:2      | Reached skill level 1 in Ice Magic
  1623 | D:2      | Reached skill level 1 in Air Magic
  1623 | D:2      | Reached skill level 1 in Earth Magic
  1623 | D:2      | Reached skill level 1 in Poison Magic
  1933 | D:2      | Found a runed translucent door.
  1934 | D:2      | Noticed Crazy Yiuf
  1944 | D:2      | Slain by Crazy Yiuf

Illustrated notes

Levels and vault maps discovered:
D:1:      psy_arrival_terrarium, layout_basic
D:2:      layout_basic, ebering_ecumenical_altar_webs, uniq_crazy_yiuf_cottage,
          uniq_natasha

Skill      XL: |  1  2  3  4 |
---------------+-------------+-----
Short Blades   | 1 |  1.2
Long Blades    | 1 |  1.2
Maces & Flails | 1 |  1.2
Polearms       | 1 |  1.2
Staves         | 1 |  1.2
Slings         | 1 |  1.2
Bows           | 1 |  1.2
Crossbows      | 1 |  1.2
Throwing       | 1 |  1.2
Stealth        | 1 |  1.2
Shields        | 1 |  1.2
Unarmed Combat | 1 |  1.2
Spellcasting   | 1 |  1.2
Evocations     | 1 |  1.2
Conjurations   | 1 |  1.0
Hexes          | 1 |  1.0
Summonings     | 1 |  1.0
Necromancy     | 1 |  1.0
Translocations | 1 |  1.0
Transmutations | 1 |  1.0
Fire Magic     | 1 |  1.0
Ice Magic      | 1 |  1.0
Air Magic      | 1 |  1.0
Earth Magic    | 1 |  1.0
Poison Magic   | 1 |  1.0
Fighting       | |  6.6
Axes           | |  4.7
Armour         | |  4.7
Dodging        | |  2.8
Invocations    | |  4.7

Action                   |  1- 3 |  4- 6 || total
-------------------------+-------+-------++-------
Melee: Hand axe          |    90 |    40 ||   130
       Bite              |    11 |     4 ||    15
Invok: Depart the Abyss  |     1 |       ||     1
  Use: Potion            |     1 |       ||     1
       Scroll            |     2 |       ||     2
Armor: Leather armour    |    35 |    19 ||    54
Dodge: Dodged            |    47 |    23 ||    70
Block: Kite shield       |       |    17 ||    17

Table legend: (Time is in decaauts)
 A = Elapsed time spent in this place.
 B = Non-inter-level travel time spent in this place.
 C = Inter-level travel time spent in this place.
 D = Time resting spent in this place.
 E = Time spent auto-exploring this place.
 F = Levels seen in this place.
 G = Mean time per level.
                   A        B        C        D        E       F      G
               +--------+--------+--------+--------+--------+-----+--------+
         Total |   1958 |   1907 |     51 |    239 |   1315 |   3 |  652.7 |
       Dungeon |   1898 |   1847 |     51 |    239 |   1272 |   2 |  949.0 |
         Abyss |     60 |     60 |      0 |      0 |     43 |   1 |   60.0 |
               +--------+--------+--------+--------+--------+-----+--------+

Top non-repeatable levels by time:
     D:2: 1029 daAuts
     D:1: 869 daAuts
 Abyss:1: 60 daAuts
